 Dungeon Crawl Stone Soup version 0.31-a0-4-gefa6de2278 (webtiles) character file.

Game seed: 10018769819784388575

1700 Pimp the Conjurer (level 8, -1/52 HPs)
             Began as a Demonspawn Conjurer on May 5, 2023.
             Was an Initiate of Vehumet.
             Succumbed to a killer bee's poison
             ... on level 6 of the Dungeon.
             The game lasted 00:15:14 (5870 turns).

Pimp the Conjurer (Demonspawn Conjurer)             Turns: 5870, Time: 00:15:16

Health: -1/52      AC:  7    Str:  9    XL:     8   Next: 73%
Magic:  1/15       EV: 12    Int: 21    God:    Vehumet [......]
Gold:   488        SH:  0    Dex: 11    Spells: 11/17 levels left

rFire   + . .        p - +7 Throatcutter {drain, coup de grace}
rCold   . . .        (no shield)
rNeg    . . .        k - +0 leather armour {rF+}
rPois   .            (helmet restricted)
rElec   .            (no cloak)
rCorr   .            (no gloves)
SInv    .            (no boots)
Will    +....        (no amulet)
Stlth   +++          c - ring of willpower
HPRegen 0.28/turn    h - +4 ring of protection
MPRegen 0.28/turn

%: guardian spirit
@: lethally poisoned (-1 -> -20)
A: horns 2, magic shield, magic regeneration
a: Renounce Religion


You were on level 6 of the Dungeon.
You worshipped Vehumet.
Vehumet was noncommittal.
You visited 2 branches of the dungeon, and saw 8 of its levels.

You collected 488 gold pieces.

Inventory:

Hand Weapons
 b - a +2 short sword
 d - the +8 dagger of Rolakhle {vamp, Will++ Str+3}
   (You found it on level 5 of the Dungeon)

   Str:       It affects your strength (+3).
   Will:      It greatly increases your willpower.
 p - the +7 Throatcutter (weapon) {drain, coup de grace}
   (You found it on level 6 of the Dungeon)
Missiles
 n - a throwing net
Armour
 a - a +0 robe
 k - a +0 leather armour of fire resistance (worn)
Jewellery
 c - a ring of willpower (left hand)
 h - a +4 ring of protection (right hand)
 q - a +4 ring of protection
Wands
 f - a wand of charming (9)
 i - a wand of mindburst (15)
Scrolls
 e - 3 scrolls of immolation
 g - 5 scrolls of identify
Potions
 l - a potion of heal wounds
 m - 2 potions of magic
 s - a potion of curing


   Skills:
 - Level 1.0(1.6) Short Blades
 * Level 2.0(2.1) Long Blades
 + Level 1.7 Armour
 + Level 5.1 Dodging
 + Level 5.4 Stealth
 + Level 5.1 Spellcasting
 + Level 6.6 Conjurations


You had 11 spell levels left.
You knew the following spells:

 Your Spells              Type           Power      Damage    Failure   Level
a - Magic Dart            Conj           100%       1d8       1%          1
b - Searing Ray           Conj           66%        2d6       1%          2
c - Dazzling Flash        Conj/Hex       38%        N/A       11%         3

Your spell library contained the following spells:

 Spells                   Type           Power      Damage    Failure   Level
 Necrotise                Necr           20%        1d5       14%         1
 Mephitic Cloud           Conj/Pois/Air  14%        N/A       19%         3
 Poisonous Vapours        Pois/Air       10%        N/A       22%         2
 Sublimation of Blood     Necr           5%         N/A       22%         2
 Wereblood                Tmut           5%         N/A       22%         2
 Fulminant Prism          Conj/Hex       9%         3d7       36%         4
 Iskenderun's Mystic Bla  Conj/Tloc      19%        2d6       36%         4
 Portal Projectile        Hex/Tloc       10%        N/A       41%         3
 Tukima's Dance           Hex            5%         N/A       41%         3
 Vampiric Draining        Necr           5%         2d6       41%         3
 Passage of Golubria      Tloc           5%         N/A       82%         4
 Freezing Cloud           Conj/Ice/Air   7%         6-21      86%         5
 Agony                    Necr           5%         N/A       99%         5
 Blade Hands              Tmut           2%         N/A       99%         5
 Yara's Violent Unravell  Hex/Tmut       2%         3d3       99%         5
 Summon Hydra             Summ           2%         N/A       100%        7


Dungeon Overview and Level Annotations

Branches:
Dungeon (7/15)             Temple (1/1) D:5

Altars:
Cheibriados
Dithmenos
Fedhas
Gozag
Hepliaklqana
Kikubaaqudgha
Makhleb
Nemelex Xobeh
Qazlal
Sif Muna
Trog
Uskayaw
Vehumet
Wu Jian
Xom
Yredelemnul

Shops:
D:3 =?


Innate Abilities, Weirdness & Mutations

You have a pair of horns on your head.
When hurt, damage is shared between your health and your magic reserves.
You regenerate magic rapidly.


Message History

Confirm with . or Enter, or press ? or * to list all spells.
Aiming: Searing Ray (safe; 1% risk of failure)
Press: ? - help, Shift-Dir - straight line, f - killer bee
Aim: a killer bee (61% to hit)
The searing ray hits the killer bee.
The killer bee is moderately wounded. (Press . to maintain the ray.)
You feel sick. The killer bee stings you.
You are more poisoned.
The killer bee poisons you!
The searing ray misses the killer bee.
The searing ray hits the killer bee.
The killer bee is lightly wounded.
You feel sick. The killer bee closely misses you. The killer bee stings you.
The killer bee stings you but does no damage.
The searing ray hits the killer bee!
The killer bee is almost dead.
The searing ray misses the killer bee.
You feel sick.
The killer bee closely misses you. x2; The killer bee stings you.
The searing ray misses the killer bee.
You finish channelling your searing ray.
You feel sick. The killer bee misses you. The killer bee barely misses you.
The killer bee stings you!
You are more poisoned.
The killer bee poisons you! The killer bee barely misses you.
The killer bee stings you but does no damage.
The killer bee barely misses you. x2
You feel very sick.
The killer bee stings you but does no damage. x2
The killer bee stings you.
* * * LOW HITPOINT WARNING * * *
The killer bee stings you.
* * * LOW HITPOINT WARNING * * *
The killer bee stings you but does no damage.
The killer bee completely misses you. The killer bee stings you.
* * * LOW HITPOINT WARNING * * *
You are more poisoned.
The killer bee poisons you! The killer bee stings you.
* * * LOW HITPOINT WARNING * * *
You climb upwards.
You die...

.##...## #........#
.###.## #.#...<..# .#
#.# #.###.##.# .# #.#
##........# .###+##
#.........# ###...##
#.####.##.# ##.....##
#.####.##.# #.......##
#.#.#.y.#.#
.........###....@..#.#
.........'.....yyy.#.#
.........###.....###.#
#.......## #.#.#.###.#
##.....## #.........#
##...## #####.#####
##'## #.# #.# #.# #.#
#.#


You could see 4 killer bees.

Vanquished Creatures
  Sigmund (D:4)
  A steam dragon (D:4)
  2 water moccasins
  An orc warrior (D:6)
  A sky beast (D:4)
  A black bear (D:4)
  An ogre (D:5)
  A phantom (D:6)
  A bullfrog (D:6)
  4 scorpions
  2 jellies (D:6)
  An orc priest (D:5)
  Ijyb (D:4)
  Terence (D:3)
  2 iguanas (D:6)
  3 orc wizards (D:6)
  Robin (D:4)
  10 adders
  A white imp (D:5)
  3 worms
  2 dart slugs
  10 orcs
  6 endoplasms
  A giant cockroach (D:2)
  19 goblins
  8 hobgoblins
  2 jackals (D:2)
  6 quokkas
  4 ball pythons
  7 bats
  2 frilled lizards
  3 kobolds
  6 rats
115 creatures vanquished.

Vanquished Creatures (others)
  4 fungi (D:5)
  6 toadstools (D:5)
10 creatures vanquished.

Grand Total: 125 creatures vanquished

Notes
Turn   | Place    | Note
-------+----------+-------------------------------------------
     0 | D:1      | Pimp the Demonspawn Conjurer began the quest for the Orb.
     0 | D:1      | Reached XP level 1. HP: 13/13 MP: 3/3
   225 | D:1      | Gained mutation: You have a pair of small horns on your
                  | head. [demonic ancestry]
   225 | D:1      | Reached XP level 2. HP: 16/19 MP: 3/5
  1126 | D:2      | Gained mutation: You regenerate magic rapidly. [demonic
                  | ancestry]
  1126 | D:2      | Reached XP level 3. HP: 17/24 MP: 2/6
  1177 | D:2      | Learned a level 2 spell: Searing Ray
  1181 | D:2      | Learned a level 3 spell: Dazzling Flash
  1916 | D:3      | Reached XP level 4. HP: 30/30 MP: 7/7
  2209 | D:3      | Found Eceafing's Jewellery Boutique.
  2511 | D:3      | Noticed Terence
  2543 | D:3      | Killed Terence
  2603 | D:3      | Found The Oracle's Delphic Readings.
  2764 | D:4      | Noticed a steam dragon
  2904 | D:4      | Noticed Ijyb
  2905 | D:4      | Noticed Sigmund
  2915 | D:4      | Killed Sigmund
  2916 | D:4      | Reached skill level 5 in Conjurations
  2916 | D:4      | Gained mutation: You have a pair of horns on your head.
                  | [demonic ancestry]
  2916 | D:4      | Reached XP level 5. HP: 10/35 MP: 8/10
  2916 | D:4      | Reached XP level 6. HP: 12/41 MP: 8/11
  2921 | D:4      | Killed Ijyb
  3264 | D:4      | Killed a steam dragon
  3265 | D:4      | Gained mutation: When hurt, damage is shared between your
                  | health and your magic reserves. [demonic ancestry]
  3265 | D:4      | Reached XP level 7. HP: 25/46 MP: 2/12
  3683 | D:4      | Noticed Robin
  3766 | D:4      | Killed Robin
  3897 | D:5      | Entered Level 5 of the Dungeon
  3963 | D:5      | Identified the +8 dagger of Rolakhle {vamp, Will++ Str+3}
  3976 | D:5      | Reached skill level 6 in Conjurations
  4158 | D:5      | Found a staircase to the Ecumenical Temple.
  4177 | Temple   | Entered the Ecumenical Temple
  4227 | Temple   | Became a worshipper of Vehumet
  4315 | D:5      | Reached XP level 8. HP: 52/52 MP: 8/14
  4444 | D:5      | Found a burning altar of Makhleb.
  4703 | D:6      | Reached skill level 5 in Stealth
  4874 | D:6      | Found the +7 Throatcutter {drain, coup de grace}
  4924 | D:6      | Reached skill level 1 in Short Blades
  4924 | D:6      | Reached skill level 1 in Armour
  5152 | D:6      | Reached skill level 1 in Long Blades
  5167 | D:6      | Reached skill level 5 in Spellcasting
  5168 | D:6      | Reached skill level 5 in Dodging
  5870 | D:6      | Succumbed to a killer bee's poison

Illustrated notes

Levels and vault maps discovered:
D:1:      moated_graveyard_arrival, layout_basic, st_stairs_8
D:2:      layout_loops_ring, item_on_display_a
D:3:      layout_loops_cross, serial_shops, shop, nicolae_nh_oracle_at_delphi,
          uniq_terence
D:4:      layout_loops_cross, fountainhead, fountainhead, uniq_ijyb, uniq_robin,
          uniq_sigmund
D:5:      layout_rooms, bloody_makhleb, minmay_temple_entry_antechambers,
          minmay_gold_behind_fungi
D:6:      layout_loops_corners, minmay_microvault
D:7:      layout_cave_pools
Temple:   nicolae_temple_bog_church

Skill      XL: |  1  2  3  4  5  6  7  8 |
---------------+-------------------------+-----
Stealth        | 2 3 4 5 |  5.4
Dodging        | 2 3 4 5 |  5.1
Spellcasting   | 3 4 5 |  5.1
Conjurations   | 5 6 |  6.6
Short Blades   | 1 |  1.0
Armour         | 1 |  1.7
Long Blades    | 2 |  2.0

Action                     |  1- 3 |  4- 6 |  7- 9 || total
---------------------------+-------+-------+-------++-------
  Melee: Short sword       |    79 |    45 |    35 ||   159
         Headbutt          |    11 |     6 |    14 ||    31
         Punch             |     2 |       |       ||     2
         Dagger            |       |       |    46 ||    46
         Long sword        |       |       |    26 ||    26
   Cast: Magic Dart        |    39 |       |    10 ||    49
         Searing Ray       |     4 |    10 |    19 ||    33
    Use: Scroll            |     7 |     3 |     2 ||    12
         Potion            |     1 |     5 |     3 ||     9
   Stab: Sleeping          |     7 |     3 |     4 ||    14
 Armour: Robe              |    18 |       |       ||    18
         Leather armour    |       |    16 |    60 ||    76
  Dodge: Dodged            |    53 |    56 |    75 ||   184

Table legend: (Time is in decaauts)
 A = Elapsed time spent in this place.
 B = Non-inter-level travel time spent in this place.
 C = Inter-level travel time spent in this place.
 D = Time resting spent in this place.
 E = Time spent auto-exploring this place.
 F = Levels seen in this place.
 G = Mean time per level.
                   A        B        C        D        E       F      G
               +--------+--------+--------+--------+--------+-----+--------+
         Total |   5891 |   5595 |    296 |    790 |   3650 |   8 |  736.4 |
       Dungeon |   5799 |   5538 |    261 |    790 |   3639 |   7 |  828.4 |
        Temple |     92 |     57 |     35 |      0 |     10 |   1 |   92.0 |
               +--------+--------+--------+--------+--------+-----+--------+

Top non-repeatable levels by time:
     D:4: 1243 daAuts
     D:6: 1214 daAuts
     D:1: 1119 daAuts
     D:3: 786 daAuts
     D:2: 747 daAuts
     D:5: 670 daAuts
  Temple: 92 daAuts
     D:7: 16 daAuts
